 Dungeon Crawl Stone Soup version 0.26-a0-471-g8fb39a4 (webtiles) character file.

Game seed: 8882735668141571215

177249 shukka the Bludgeoner (level 17, 0/87 HPs)
             Began as a Gargoyle Fighter on July 30, 2020.
             Was the Champion of the Shining One.
             Killed from afar by a fire dragon (33 damage)
             ... with a blast of flame
             ... on level 3 of the Shoals.
             The game lasted 02:24:22 (33424 turns).

shukka the Bludgeoner (Gargoyle Fighter)           Turns: 33424, Time: 02:24:22

Health: 0/87       AC: 64    Str: 25    XL:     17   Next: 85%
Magic:  35/35      EV: 13    Int:  9    God:    the Shining One [******]
Gold:   2071       SH: 22    Dex: 17    Spells: 16/16 levels left

rFire    . . .     SeeInvis .   T - +2 eveningstar (protect)
rCold    + . .     Faith    .   F - +2 kite shield
rNeg     + + +     Spirit   .   x - +13 crystal plate armour "Aghik" {rElec Slay+3}
rPois    ∞         Reflect  +   a - +1 helmet
rElec    +         Harm     .   t - scarf {repulsion}
rCorr    .                      B - +1 pair of gloves
MR       +....                  y - +0 pair of boots
Stlth    ..........             o - amulet "Voethen" {Reflect MP+9 SH+5}
HPRegen  0.24/turn              A - ring of protection from cold
MPRegen  0.24/turn              E - +6 ring of dexterity

@: protection aura, flying, glowing, repel missiles
A: big wings, negative energy resistance 1, electricity resistance, unbreathing,
petrification resistance, rot immunity, AC +12
}: 1/15 runes: gossamer
a: Stop Flying, Divine Shield, Cleansing Flame, Summon Divine Warrior, Brand
Weapon With Holy Wrath, Renounce Religion


You were on level 3 of the Shoals.
You worshipped the Shining One.
The Shining One was exalted by your worship.
You visited 6 branches of the dungeon, and saw 31 of its levels.

You collected 2841 gold pieces.
You spent 770 gold pieces at shops.

Inventory:

Hand Weapons
 H - the +10 trident of Termination {holy, rF+}
   (You found it on level 9 of the Dungeon)

   It has been blessed by the Shining One to cause great damage to the undead
   and demons.
   It protects you from fire.
 T - a +2 eveningstar of protection (weapon)
Missiles
 l - 94 poisoned darts (quivered)
 W - 9 curare-tipped darts
 X - 2 throwing nets
Armour
 a - a +1 helmet (worn)
 t - a scarf of repulsion (worn)
 x - the +13 crystal plate armour "Aghik" (worn) {rElec Slay+3}
   (You took it off an orc on level 5 of the Dungeon)

   It affects your accuracy and damage with ranged weapons and melee attacks
   (+3).
   It insulates you from electricity.
 y - a +0 pair of boots (worn)
 B - a +1 pair of gloves (worn)
 F - a +2 kite shield (worn)
 J - a +1 kite shield of poison resistance
Jewellery
 c - an uncursed ring of protection from cold
 j - an uncursed amulet of the acrobat
 m - an uncursed ring of protection from fire
 o - the amulet "Voethen" (around neck) {Reflect MP+9 SH+5}
   (You found it on level 12 of the Dungeon)

   [amulet of reflection]

   It shields you and reflects attacks.
   It affects your magic capacity (+9).
   It affects your SH (+5).
 s - a +4 ring of protection
 A - a ring of protection from cold (left hand)
 E - a +6 ring of dexterity (right hand)
 O - an uncursed ring of resist corrosion
 P - an uncursed ring of protection from fire
Wands
 b - a wand of digging (8)
 u - a wand of flame (124)
 z - a wand of paralysis (32)
 L - a wand of iceblast (16)
 M - a wand of acid (7)
 R - a wand of enslavement (6)
 Z - a wand of polymorph (11)
Scrolls
 e - 14 scrolls of remove curse
 f - 13 scrolls of teleportation
 k - 5 scrolls of blinking {unknown}
 q - 8 scrolls of magic mapping {unknown}
 r - 2 scrolls of enchant weapon
 v - a scroll of identify
 w - 4 scrolls of fear
 D - 7 scrolls of amnesia {unknown}
 I - 7 scrolls of fog {unknown}
 N - 3 scrolls of enchant armour
 S - 3 scrolls of immolation
 Y - 4 scrolls of silence {unknown}
Potions
 d - 4 potions of might
 g - 7 potions of haste
 h - 3 potions of ambrosia
 i - 9 potions of curing
 n - 4 potions of heal wounds
 p - 2 potions of lignification
 C - a potion of invisibility
 G - 2 potions of resistance
 V - 4 potions of berserk rage
Miscellaneous
 U - a phial of floods


   Skills:
 * Level 3.3 Fighting
 - Level 16.0 Maces & Flails
 + Level 16.0 Armour
 + Level 14.5 Dodging
 + Level 14.8 Shields
 - Level 12.0 Invocations


You had 16 spell levels left.
You didn't know any spells.
Your spell library contained the following spells:

 Spells                   Type           Power        Failure   Level
 Animate Skeleton         Necr           #.....       100%        1
 Apportation              Tloc           #.....       100%        1
 Beastly Appendage        Tmut           #.....       100%        1
 Corona                   Hex            #......      100%        1
 Pain                     Necr           #...         100%        1
 Sandblast                Erth           #.....       100%        1
 Summon Small Mammal      Summ           #...         100%        1
 Ensorcelled Hibernation  Hex/Ice        #.....       100%        2
 Passwall                 Tmut/Erth      #.......     100%        2
 Wereblood                Tmut           #.......     100%        2
 Confusing Touch          Hex            #.......     100%        3
 Dazzling Flash           Conj/Hex       #.....       100%        3
 Spider Form              Tmut/Pois      #.........   100%        3
 Tukima's Dance           Hex            #.......     100%        3
 Vampiric Draining        Necr           #.........   100%        3
 Animate Dead             Necr           #.........   100%        4
 Ice Form                 Ice/Tmut       #.......     100%        4
 Agony                    Necr           #.......     100%        5
 Blade Hands              Tmut           #.........   100%        5
 Bolt of Magma            Conj/Fire/Erth #.........   100%        5
 Borgnjor's Vile Clutch   Necr/Erth      #.........   100%        5
 Death Channel            Necr           #.........   100%        6
 Iron Shot                Conj/Erth      #.........   100%        6
 Simulacrum               Ice/Necr       #.........   100%        6
 Statue Form              Tmut/Erth      Unusable     N/A         6

Dungeon Overview and Level Annotations

Branches:
Dungeon (15/15)            Temple (1/1) D:4            Lair (6/6) D:11
 Shoals (3/4) Lair:2       Spider (4/4) Lair:2        Slime (0/5) Lair:5
    Orc (2/2) D:10         Vaults (0/5) D:13
    Elf: Orc:2       Depths: D:15

Altars:
Ashenzari
Cheibriados
Dithmenos
Elyvilon
Fedhas
Gozag
Hepliaklqana
Kikubaaqudgha
Makhleb
Nemelex Xobeh
Okawaru
Qazlal
Ru
Sif Muna
Trog
Uskayaw
Vehumet
Wu Jian
Xom
Yredelemnul
Zin
The Shining One
Jiyva

Shops:
D:8 [   Shoals:1 *

Annotations:
D:3 2 transporters, pkoi's ghost, amateur DrTm
D:7 5 transporters
D:10 R007833r's ghost, journeyman DEHu
Lair:1 exclusion: 3 oklob plants
Lair:4 exclusion: oklob plant
Orc:2 Saint Roka


Innate Abilities, Weirdness & Mutations

You are resistant to torment.
Your stone body is resilient. (AC +12)
You are immune to poison.
Your large and strong wings let you fly indefinitely.
You resist negative energy. (rN+)
You are resistant to electric shocks. (rElec)
You can survive without breathing.
You are immune to petrification.
You are immune to rotting.


Message History

The blast of flame hits you!
You are engulfed in a cloud of scalding steam.
You are engulfed in a cloud of scalding steam.
A fire dragon comes into view.
The fire dragon roars deafeningly!
You block the fire dragon's attack. The fire dragon closely misses you.
You block the fire dragon's attack.
Found 19 gold pieces (under bush).
Found an escape hatch in the floor.
You bludgeon the fire dragon!!
Your weapon exudes an aura of protection.
The fire dragon is moderately wounded.
The fire dragon barely misses you. You block the fire dragon's attack.
The fire dragon misses you.
You hit the fire dragon but do no damage.
The fire dragon is moderately wounded.
The fire dragon breathes flames at you. The blast of flame hits you!!!
The fire dragon breathes flames at you. The blast of flame hits you!!
You die...

≈≈≈≈≈≈≈≈≈≈≈≈≈≈≈
≈≈≈≈≈≈≈≈≈≈≈≈≈≈≈≈
≈≈≈≈≈≈≈≈≈≈≈≈≈≈≈P≈
≈≈≈≈≈≈≈≈≈≈≈≈≈≈≈≈≈PP≈
≈≈≈≈≈≈≈≈≈≈≈≈≈≈≈≈P≈≈≈P
≈≈≈≈≈≈≈≈≈≈≈≈≈≈≈≈≈≈PP≈
≈≈≈≈≈≈≈≈.≈≈≈≈D≈≈≈.≈P≈
≈≈≈≈≈≈≈...≈≈≈@§§≈.D≈≈
≈≈≈≈≈≈...≈≈≈≈§≈≈≈≈≈≈≈
≈≈≈≈≈≈...≈≈≈≈§≈≈≈≈≈≈P
≈≈≈≈≈.....≈≈≈≈≈≈≈≈≈≈≈
≈≈≈≈≈..†...≈≈≈≈≈≈≈≈≈≈≈≈≈≈≈
≈≈≈≈≈......≈≈≈≈≈≈≈≈≈≈≈≈≈≈≈
≈≈≈≈≈≈.)....≈≈≈≈≈≈≈≈≈≈≈≈≈≈
≈≈≈≈≈≈≈......≈≈≈≈≈≈≈≈≈≈≈≈≈
.≈≈≈≈≈≈≈......≈≈≈≈≈≈≈≈≈≈≈≈


You could see a fire dragon (catching breath).

Vanquished Creatures
  Arachne (Spider:2)
  Kirke (D:15)
  Ilsuiw (Shoals:3)
  5 ghost moths
  Donald (Spider:2)
  9 emperor scorpions
  3 entropy weavers
  A spark wasp (Spider:3)
  Snorg (D:13)
  3 merfolk impalers (Shoals:3)
  A great orb of eyes (D:14)
  2 hydras
  3 vault guards (D:13)
  3 catoblepae (Lair:6)
  The ghost of Diyvet the Devastator, a journeyman TeCj of Vehumet (D:12)
  A merfolk avatar (Shoals:2)
  3 centaur warriors
  3 merfolk aquamancers
  9 death yaks (Lair:6)
  A queen ant (Spider:3)
  4 two-headed ogres
  Urug (D:11)
  Nergalle (Lair:2)
  A deep elf knight (D:13)
  5 sea snakes
  2 unseen horrors
  14 harpies
  3 orc knights
  19 orb spiders
  26 wolf spiders
  An orb spider (shapeshifter) (D:13)
  2 orc sorcerers (D:13)
  2 fauns
  10 ugly things
  5 manticores
  2 ice statues (Shoals:1)
  Maurice (D:9)
  Joseph (Lair:1)
  9 merfolk sirens
  2 torpor snails
  3 water nymphs (Shoals:2)
  3 black mambas
  A centaur skeleton (D:10)
  Maggie (D:6)
  10 cane toads
  A rime drake (Lair:6)
  A yaktaur (D:13)
  11 demonic crawlers
  An efreet (D:14)
  9 komodo dragons
  3 trolls
  21 merfolk
  A tengu conjurer (D:14)
  17 jumping spiders
  Prince Ribbit (D:9)
  A queen bee (D:10)
  6 hornets
  2 wind drakes
  A polar bear (Lair:5)
  10 blink frogs
  A harpy skeleton (D:14)
  A meliai zombie (D:15)
  5 slime creatures
  9 snapping turtles
  5 dream sheep (Lair:6)
  13 hippogriffs
  51 redbacks
  6 water elementals
  A shadow (D:13)
  26 tarantellas
  65 yaks
  A wyvern (Lair:2)
  A vampire (D:14)
  A steam dragon (D:14)
  2 wargs (Orc:1)
  18 soldier ants
  11 porcupines
  12 water moccasins
  5 sky beasts
  13 orc warriors
  4 black bears
  An eye of draining (D:12)
  6 ice beasts
  A necrophage (D:12)
  A phantom (D:14)
  11 wolves (Lair:2)
  12 ogres
  2 lemures (D:6)
  10 centaurs
  13 crocodiles
  5 big kobolds
  14 bullfrogs
  A gnoll sergeant (D:11)
  A wyvern skeleton (D:13)
  6 scorpions
  22 killer bees
  21 wights
  7 electric eels
  10 howler monkeys
  A quasit (D:10)
  A bullfrog zombie (D:12)
  3 centaur zombies
  5 hounds
  13 orc priests
  7 jellies
  A bullfrog skeleton (D:8)
  3 iguanas
  11 orc wizards
  22 worker ants
  2 worker ant zombies
  9 gnolls
  A howler monkey skeleton (D:8)
  14 adders
  4 shadow imps
  A white imp (D:5)
  5 ufetubi
  13 oozes
  An adder skeleton (D:4)
  4 worms
  A dart slug (D:1)
  5 leopard geckos
  75 orcs
  2 ball pythons
  2 bat zombies (D:7)
  5 giant cockroaches
  10 goblins
  8 hobgoblins
  5 jackals (D:2)
  31 kobolds
  3 quokkas
  7 bats
  8 frilled lizards
  A giant cockroach zombie (D:5)
  6 rats
  A rat zombie (D:7)
  2 plants
956 creatures vanquished.

Vanquished Creatures (collateral kills)
  A merfolk javelineer (Shoals:3)
  A merfolk impaler (Shoals:3)
  A merfolk (Shoals:3)
  A redback (Spider:3)
4 creatures vanquished.

Vanquished Creatures (others)
  A merfolk avatar (Shoals:3)
  A centaur zombie (D:15)
  A jumping spider (Spider:4)
  A redback (Spider:2)
  A tarantella (Spider:4)
  2 humans (D:15)
  A boggart (D:15)
  A kobold (D:13)
  62 fungi
  21 plants
  8 tentacles (Shoals:2)
  6 toadstools (D:4)
106 creatures vanquished.

Grand Total: 1066 creatures vanquished

Notes
Turn   | Place    | Note
-------+----------+-------------------------------------------
     0 | D:1      | shukka the Gargoyle Fighter began the quest for the Orb.
     0 | D:1      | Reached XP level 1. HP: 14/14 MP: 1/1
    34 | D:1      | Reached XP level 2. HP: 15/19 MP: 2/2
   276 | D:1      | Reached XP level 3. HP: 23/23 MP: 3/3
  1044 | D:2      | Reached XP level 4. HP: 28/28 MP: 4/4
  1176 | D:2      | You fall into a shaft and drop 2 floors!
  1547 | D:3      | Reached skill level 5 in Maces & Flails
  1616 | D:3      | Reached XP level 5. HP: 32/32 MP: 5/5
  2326 | D:3      | Noticed pkoi's ghost (amateur DrTm)
  2327 | D:3      | Found a transporter.
  2347 | D:3      | Found a transporter.
  2959 | D:4      | Found a staircase to the Ecumenical Temple.
  2974 | Temple   | Entered the Ecumenical Temple
  3076 | D:4      | Reached XP level 6. HP: 34/37 MP: 6/6
  3306 | D:4      | You fall into a shaft and drop 2 floors!
  3319 | D:5      | Entered Level 5 of the Dungeon
  4008 | D:6      | Reached XP level 7. HP: 25/41 MP: 7/7
  4174 | D:6      | Noticed Maggie
  4222 | D:5      | Found a large runed translucent door.
  4522 | D:5      | Got a buzzing long sword
  4523 | D:5      | Identified the +6 long sword of Bankruptcy {flame, rF+ rC-
                  | MR- Dex+10} (You found it on level 5 of the Dungeon)
  4624 | D:5      | Noticed a hippogriff
  4710 | D:5      | Killed a hippogriff
  4710 | D:5      | Reached XP level 8. HP: 18/46 MP: 8/8
  4939 | D:5      | Found a large runed translucent door.
  4942 | D:5      | Identified the +13 crystal plate armour "Aghik" {rElec
                  | Slay+3}
  4948 | D:5      | Found a large runed translucent door.
  4948 | D:5      | Found a large runed translucent door.
  5218 | D:5      | Reached skill level 1 in Dodging
  5358 | D:4      | Found a hazy altar of Hepliaklqana.
  5881 | D:6      | Paralysed by Maggie for 3 turns
  5890 | D:6      | Killed Maggie
  5890 | D:6      | Reached skill level 5 in Armour
  5890 | D:6      | Reached XP level 9. HP: 45/51 MP: 9/9
  6017 | D:6      | Reached skill level 5 in Dodging
  6714 | D:6      | Found a hide-covered altar of Uskayaw.
  6729 | D:6      | Found a glowing golden altar of the Shining One.
  6732 | D:6      | Found a sacrificial altar of Ru.
  6751 | D:6      | Became a worshipper of the Shining One
  7072 | D:7      | Found a bloodstained altar of Trog.
  7135 | D:7      | Found a transporter.
  7139 | D:7      | Noticed a four-headed hydra
  7140 | D:7      | Found a transporter.
  7221 | D:7      | Reached * piety under the Shining One
  7225 | D:7      | Found an ancient bone altar of Kikubaaqudgha.
  7383 | D:7      | Found a transporter.
  7660 | D:7      | Found a transporter.
  7660 | D:7      | Found a transporter.
  7981 | D:8      | Noticed a hornet
  7998 | D:8      | Killed a hornet
  8099 | D:8      | Reached XP level 10. HP: 56/56 MP: 10/10
  8207 | D:8      | Found Belaikh's Armour Shop.
  8238 | D:8      | Bought a +2 kite shield for 181 gold pieces
  8557 | D:9      | Noticed Prince Ribbit
  8570 | D:9      | Killed Prince Ribbit
  8738 | D:9      | Reached ** piety under the Shining One
  8769 | D:9      | Reached skill level 10 in Dodging
  8791 | D:9      | Noticed a two-headed ogre
  8832 | D:9      | Killed a two-headed ogre
  8832 | D:9      | Reached skill level 10 in Armour
  8993 | D:9      | Got a faintly glowing trident
  9044 | D:9      | Noticed Maurice
  9052 | D:9      | Paralysed by Maurice for 7 turns
  9066 | D:9      | Killed Maurice
  9097 | D:9      | Found a sparkling altar of Nemelex Xobeh.
  9238 | D:9      | Noticed a two-headed ogre
  9246 | D:9      | Killed a two-headed ogre
  9246 | D:9      | Reached XP level 11. HP: 60/60 MP: 11/11
  9432 | D:9      | Found an opulent altar of Gozag.
  9532 | D:10     | Entered Level 10 of the Dungeon
  9710 | D:10     | Found a staircase to the Orcish Mines.
  9739 | D:10     | Reached *** piety under the Shining One
  9851 | D:10     | Found a transporter.
  9852 | D:10     | Found a transporter.
  9859 | D:10     | Noticed R007833r's ghost (journeyman DEHu)
 10937 | D:11     | Noticed Urug
 11373 | D:10     | Reached skill level 1 in Invocations
 11540 | D:10     | Reached skill level 10 in Maces & Flails
 11664 | D:11     | Killed Urug
 11664 | D:11     | Reached skill level 5 in Shields
 11731 | D:11     | Noticed a cyan ugly thing
 11769 | D:10     | Reached XP level 12. HP: 61/64 MP: 15/15
 11805 | D:11     | Noticed a two-headed ogre
 11890 | D:10     | Reached skill level 5 in Invocations
 11915 | D:10     | Killed a two-headed ogre
 12059 | D:11     | Identified the +10 trident of Termination {holy, rF+} (You
                  | found it on level 9 of the Dungeon)
 12184 | D:11     | Reached **** piety under the Shining One
 12736 | D:11     | Found a staircase to the Lair.
 12865 | Orc:1    | Entered Level 1 of the Orcish Mines
 13222 | Orc:2    | Entered Level 2 of the Orcish Mines
 13222 | Orc:2    | Noticed Saint Roka
 13749 | Lair:1   | Entered Level 1 of the Lair of Beasts
 14383 | Lair:1   | Noticed Joseph
 14393 | Lair:1   | Killed Joseph
 14571 | Lair:1   | Reached XP level 13. HP: 40/68 MP: 18/18
 15083 | Lair:2   | Found a staircase to the Shoals.
 15503 | Lair:2   | Found a hole to the Spider Nest.
 15512 | Lair:2   | Noticed Nergalle
 15528 | Lair:2   | Killed Nergalle
 17354 | Lair:5   | Reached skill level 10 in Shields
 17609 | Lair:5   | Found a runed translucent door.
 17609 | Lair:5   | Found a viscous altar of Jiyva.
 17609 | Lair:5   | Found a staircase to the Slime Pits.
 18225 | Lair:6   | Entered Level 6 of the Lair of Beasts
 18360 | Lair:6   | Reached skill level 10 in Invocations
 18512 | Lair:6   | Gained mutation: Your large and strong wings let you fly
                  | indefinitely. [Gargoyle growth]
 18512 | Lair:6   | Reached XP level 14. HP: 65/74 MP: 21/21
 19715 | Lair:6   | Reached skill level 15 in Maces & Flails
 19899 | Lair:6   | Identified Onoicon's Guide on Earth
 20276 | Spider:1 | Entered Level 1 of the Spider Nest
 20553 | Spider:1 | Got an ichor-stained chain mail
 20677 | Spider:1 | Reached ***** piety under the Shining One
 20875 | Spider:1 | Noticed an entropy weaver
 20885 | Spider:1 | Noticed an emperor scorpion
 20932 | Spider:1 | Killed an entropy weaver
 21343 | Spider:1 | Reached XP level 15. HP: 69/78 MP: 18/22
 21365 | Spider:1 | Killed an emperor scorpion
 21792 | Spider:2 | Noticed Donald
 21833 | Spider:2 | Killed Donald
 22094 | Spider:1 | Identified the +4 chain mail of Maewail {MP+9 Str+4 Slay-6
                  | Stlth+} (You found it on level 1 of the Spider Nest)
 22123 | Spider:2 | Got a crude trident
 22124 | Spider:2 | Identified the +5 trident "Juudwuci" {antimagic, rC- MP+9
                  | Int+4} (You found it on level 2 of the Spider Nest)
 22265 | Spider:2 | Noticed an emperor scorpion
 22345 | Spider:2 | Killed an emperor scorpion
 22377 | Spider:2 | Noticed Arachne
 22423 | Spider:2 | Killed Arachne
 22646 | Spider:2 | Noticed a ghost moth
 22662 | Spider:2 | Killed a ghost moth
 23095 | Spider:2 | Noticed an emperor scorpion
 23151 | Spider:2 | Killed an emperor scorpion
 23472 | Spider:3 | Noticed a ghost moth
 23523 | Spider:3 | Killed a ghost moth
 24386 | Spider:4 | Entered Level 4 of the Spider Nest
 24400 | Spider:3 | Reached XP level 16. HP: 64/83 MP: 24/24
 26426 | Spider:4 | Got a gossamer rune of Zot
 26911 | D:12     | Found a runed translucent door.
 26912 | D:12     | Noticed Diyvet's ghost (journeyman TeCj)
 26930 | D:12     | Killed Diyvet's ghost
 26939 | D:12     | Got a steaming copper amulet
 26942 | D:12     | Identified the amulet "Voethen" {Reflect MP+9 SH+5} (You
                  | found it on level 12 of the Dungeon)
 27176 | D:13     | Noticed Snorg
 27418 | D:13     | Killed Snorg
 27864 | D:13     | Found a gate to the Vaults.
 27886 | D:13     | Reached XP level 17. HP: 87/87 MP: 26/26
 28187 | D:14     | Reached skill level 15 in Armour
 28645 | D:14     | Found a sacrificial altar of Ru.
 28900 | D:15     | Entered Level 15 of the Dungeon
 28913 | D:15     | Reached ****** piety under the Shining One
 28945 | D:14     | Paralysed by a great orb of eyes for 5 turns
 29171 | D:15     | Noticed Kirke
 29175 | D:15     | Noticed a sphinx
 29180 | D:15     | Noticed a sphinx
 29180 | D:15     | Killed Kirke
 30059 | Shoals:1 | Entered Level 1 of the Shoals
 30059 | Shoals:1 | Found Veckad's Assorted Antiques.
 30066 | Shoals:1 | Bought a scroll of identify for 76 gold pieces
 30066 | Shoals:1 | Bought a gilded ring for 190 gold pieces
 30066 | Shoals:1 | Bought a scroll labeled DAFOSK CASOE for 38 gold pieces
 30066 | Shoals:1 | Bought a shiny kite shield for 285 gold pieces
 32154 | Shoals:2 | Noticed a kraken
 33129 | Shoals:3 | Noticed Ilsuiw
 33185 | Shoals:3 | Killed Ilsuiw
 33424 | Shoals:3 | Killed from afar by a fire dragon

Illustrated notes

Levels and vault maps discovered:
D:1:      saegor_arrival_simple_a, layout_rooms
D:2:      layout_basic, eino_tiny_chamber
D:3:      layout_basic, gammafunk_ghost_arena
D:4:      cheibrodos_fertilizer, layout_rooms, kennysheep_mini,
          minmay_temple_entry_tees
D:5:      layout_loops_ring, gup_sewer_entry_glass,
          minmay_hollow_rounded_squares
D:6:      layout_layer_cave, minmay_overflow_temple_star_quad, uniq_pikel,
          uniq_maggie
D:7:      gammafunk_the_bubble [the_bubble_gammafunk_roulette],
          layout_loops_ring, lemuel_zombie_altar_kikubaaqudgha, basic_altar
D:8:      minmay_recursive_quarters, layout_rooms, serial_shops, shop
D:9:      layout_irregular_city, lemuel_round_altar, skrybe_limestone_x,
          nemelex_spade_bored_becter, uniq_maurice, uniq_prince_ribbit1
D:10:     layout_loops_corners, hiddenorc2_lemuel, gammafunk_ghost_hive,
          hangedman_decor_slide_cut, serial_bayou_pond_b
D:11:     layout_long_grid, due_lair_maze_entry_diamond, uniq_urug
D:12:     layout_rooms, ebering_ghost_reflecting_pool
D:13:     layout_basic, grunt_vaults_entry_fortified, uniq_snorg
D:14:     layout_irregular_city, nicolae_ru_path_of_blood
D:15:     hangedman_spin_cycle, serial_shops, uniq_josephine, uniq_kirke
Temple:   compressed_dpeg_circular_temple
Lair:1:   layout_regular_city, lemuel_fruit_tree, infiniplex_staircase_pool,
          minmay_lair_oklob_chamber, uniq_joseph
Lair:2:   layout_regular_city, elwin_shoals_entry_stream, dummy_spider_entry,
          uniq_nergalle
Lair:3:   layout_misc_corridors
Lair:4:   statuecave_lemuel, layout_gridlike, fungi_pond_lemuel
Lair:5:   layout_concentric_octagons, slime_altar_2
Lair:6:   evilmike_catoblepas_cave, layout_hall_layers,
          chequers_serial_rivers_room_b
Shoals:1: layout_shoals, serial_shops, shop,
          portal_ice_cave_entry_ice_statue_two
Shoals:2: layout_shoals
Shoals:3: argonaut_golden_fleece, layout_shoals, st_sunken_huts, uniq_ilsuiw
Spider:1: layout_chambers
Spider:2: layout_spider_delve, hangedman_spider_tarantella_strand, uniq_arachne,
          uniq_donald, uniq_azrael
Spider:3: layout_spider_delve, zaba_antful_of_joy
Spider:4: grunt_spider_rune_circles, drop_trap
Orc:1:    nicolae_orc_accident_3, layout_caves
Orc:2:    st_orc_town, layout_caves, nicolae_orc_tapped_out, uniq_saint_roka

Skill      XL: |  1  2  3  4  5  6  7  8  9 10 11 12 13 14 15 16 17 |
---------------+----------------------------------------------------+-----
Maces & Flails | 3 4 5 6 7 9 10 11 13 15 16 | 16.0
Dodging        | 4 8 11 12 13 14 | 14.5
Armour         | 5 8 11 12 13 14 16 | 16.0
Invocations    | 4 7 10 11 12 | 12.0
Shields        | 5 8 10 11 13 14 | 14.8
Fighting       | |  3.3

Action                   |  1- 3 |  4- 6 |  7- 9 | 10-12 | 13-15 | 16-18 || total
-------------------------+-------+-------+-------+-------+-------+-------++-------
Melee: Flail             |   149 |   217 |    21 |       |    18 |       ||   405
       Long sword        |       |       |   230 |   679 |   377 |       ||  1286
       Morningstar       |       |       |       |       |   579 |       ||   579
       Eveningstar       |       |       |       |       |   497 |  1296 ||  1793
       Trident           |       |       |       |       |       |    19 ||    19
Throw: Dart              |       |    22 |    23 |    32 |    11 |     3 ||    91
Invok: Divine Shield     |       |       |       |     4 |    10 |     5 ||    19
       Cleansing Flame   |       |       |       |       |     2 |       ||     2
       Summon Divine War |       |       |       |       |       |     2 ||     2
 Abil: Fly               |       |       |       |       |     1 |       ||     1
  Use: Scroll            |       |       |     2 |     1 |    17 |     6 ||    26
       Potion            |       |       |       |       |     3 |     2 ||     5
Armor: Scale mail        |    87 |   111 |    47 |       |       |       ||   245
       Crystal plate arm |       |       |   190 |   407 |   973 |   805 ||  2375
Dodge: Dodged            |    56 |    80 |    63 |   217 |   372 |   476 ||  1264
       Repelled          |       |       |       |       |     1 |     5 ||     6
Block: Kite shield       |    60 |   124 |   187 |   826 |  1833 |  1578 ||  4608
       Reflection        |       |       |       |    13 |     7 |    66 ||    86
       Rpst.: Long sword |       |       |    11 |    60 |    43 |       ||   114

Table legend: (Time is in decaauts)
 A = Elapsed time spent in this place.
 B = Non-inter-level travel time spent in this place.
 C = Inter-level travel time spent in this place.
 D = Time resting spent in this place.
 E = Time spent auto-exploring this place.
 F = Levels seen in this place.
 G = Mean time per level.
                   A        B        C        D        E       F      G
               +--------+--------+--------+--------+--------+-----+--------+
         Total |  33626 |  31774 |   1852 |   4577 |  12771 |  31 | 1084.7 |
       Dungeon |  16301 |  15448 |    853 |   1977 |   6020 |  15 | 1086.7 |
        Temple |     83 |     83 |      0 |      0 |      0 |   1 |   83.0 |
          Lair |   6947 |   6183 |    764 |    401 |   3336 |   6 | 1157.8 |
        Shoals |   3258 |   3200 |     58 |    507 |    938 |   3 | 1086.0 |
   Spider Nest |   5905 |   5757 |    148 |   1141 |   2297 |   4 | 1476.2 |
  Orcish Mines |   1130 |   1103 |     27 |    551 |    179 |   2 |  565.0 |
               +--------+--------+--------+--------+--------+-----+--------+

Top non-repeatable levels by time:
    D:10: 2628 daAuts
     D:6: 2163 daAuts
Spider:3: 1848 daAuts
Spider:1: 1508 daAuts
  Lair:6: 1483 daAuts
  Lair:2: 1421 daAuts
Spider:2: 1298 daAuts
Shoals:2: 1292 daAuts
Spider:4: 1249 daAuts
Shoals:1: 1233 daAuts
    D:11: 1230 daAuts
  Lair:4: 1208 daAuts
     D:5: 1183 daAuts
  Lair:1: 1134 daAuts
    D:14: 1109 daAuts
